 Dungeon Crawl Stone Soup version 0.29-a0-887-gcbe080d7e0 (webtiles) character file.

Game seed: 12611798261752766700

3608 iguanaiguana the Thaumaturge (level 10, -1/64 HPs)
             Began as a Djinni Hedge Wizard on July 22, 2022.
             Was a Believer of Hepliaklqana.
             Slain by an orc knight
             ... wielding a +0 bardiche
              (33 damage)
             ... in a bailey.
             The game lasted 00:36:54 (11386 turns).

iguanaiguana the Thaumaturge (Djinni Hedge Wizard) Turns: 11386, Time: 00:36:55

Health: -1/64      AC:  8    Str:  9    XL:     10   Next: 32%
Gold:   443        EV:  9    Int: 24    God:    Hepliaklqana [**....] SH:  7 Dex: 13

rFire   + + +      SeeInvis .   a - +9 spear of Past Mistakes {vorpal, Int+4}
rCold   . . .      Faith    .   h - +0 kite shield
rNeg    . . .      Spirit   .   v - +3 leather armour {rC+}
rPois   ∞          Reflect  .   G - +0 helmet
rElec   .          Harm     .   (no cloak)
rCorr   +          Rampage  .   l - +0 pair of gloves
Will    +....                   (boots unavailable)
Stlth   ++........              (no amulet)
HPRegen 0.20/turn               e - ring of resist corrosion
MPRegen 0.00/turn               j - ring of protection from fire

@: flying
A: reduced essence, sickness immunity, fire resistance 2, cold vulnerability 1,
float, innate caster, HP casting, extra vitality 1
a: Renounce Religion, Recall Ancestor, Ancestor Identity


You were in a bailey.
You worshipped Hepliaklqana.
Hepliaklqana was pleased with you.
You visited 2 branches of the dungeon, and saw 9 of its levels.
You also visited: Bailey.

You collected 443 gold pieces.

Inventory:

Hand Weapons
 a - the +9 spear of Past Mistakes (weapon) {vorpal, Int+4}
   (You found it on level 8 of the Dungeon)

   It inflicts extra damage upon your enemies.
   Int:       It affects your intelligence (+4).
 b - a +1 dagger of venom
 f - a +2 rapier of draining
 E - a +6 scimitar
Missiles
 q - 10 poisoned darts
 t - 3 boomerangs
 y - 2 silver boomerangs
 C - 3 curare-tipped darts
Armour
 h - a +0 kite shield (worn)
 l - a +0 pair of gloves (worn)
 v - a +3 leather armour of cold resistance (worn)
 D - +0 steam dragon scales
 G - a +0 helmet (worn)
Jewellery
 c - a ring of willpower
 e - a ring of resist corrosion (left hand)
 j - a ring of protection from fire (right hand)
Wands
 I - a wand of iceblast (9) {@v2}
Scrolls
 i - 2 scrolls of immolation
 k - 4 scrolls of teleportation {@r3}
 r - a scroll of blinking {unknown}
 s - a scroll of butterflies {unknown}
 u - a scroll of magic mapping {@r5}
 w - a scroll of vulnerability {unknown}
 x - a scroll of poison
 B - a scroll of silence {unknown}
 H - a scroll of torment {unknown}
Potions
 d - 5 potions of heal wounds {@q2}
 g - a potion of lignification {unknown}
 m - 2 potions of mutation
 n - a potion of curing {@q1}
 o - a potion of attraction {unknown}
 p - 4 potions of might {@q3}
 z - 2 potions of flight {unknown}
 A - 2 potions of resistance {@q5}
 F - 2 potions of cancellation {unknown}


   Skills:
 - Level 6.2 Fighting
 - Level 4.0 Short Blades
 - Level 4.0 Throwing
 - Level 2.1 Dodging
 - Level 4.0 Stealth
 + Level 0.5 Shields
 - Level 8.0 Spellcasting


You had 4 spell levels left.
You knew the following spells:

 Your Spells              Type           Power      Damage    Failure   Level
a - Magic Dart            Conj           100%       1d8       1%          1
b - Call Imp              Summ           48%        N/A       1%          2
c - Slow                  Hex            100%       N/A       1%          1
d - Mephitic Cloud        Conj/Pois/Air  48%        N/A       3%          3
e - Conjure Flame         Conj/Fire      48%        6-21      3%          3
f - Blink                 Tloc           96%        N/A       1%          2
g - Apportation           Tloc           96%        N/A       1%          1
h - Wereblood             Tmut           48%        N/A       1%          2
i - Gell's Gravitas       Tloc           48%        N/A       3%          3
j - Inner Flame           Hex/Fire       48%        N/A       3%          3
Your spell library was empty.

Dungeon Overview and Level Annotations

Branches:
Dungeon (8/15) Zot: 26949  Temple (1/1) D:6 Zot: 5824  Bailey (1/1) Zot: 5723
   Lair: D:8-11

Altars:
Ashenzari
Cheibriados
Dithmenos
Elyvilon
Fedhas
Gozag
Hepliaklqana
Makhleb
Nemelex Xobeh
Okawaru
Qazlal
Ru
Trog
Uskayaw
Wu Jian
Xom
Yredelemnul
Zin
The Shining One

Annotations:
D:6 2 runed translucent doors, bchevrier's ghost, amateur GnWn


Innate Abilities, Weirdness & Mutations

Your life essence is reduced to manifest your ancestor. (-10% HP)
You are immune to sickness and miasma.
You are immune to poison.
Your flesh is very heat resistant. (rF++)
You are vulnerable to cold. (rC-)
You float through the air rather than walking.
You learn spells naturally, not from books.
Your magical power is your life essence.
You have superior vitality. (+4 MHP)


Message History

Press: ? - help, Shift-Dir - straight line, f/p - orc knight
Aim: an orc knight, wielding a +0 bardiche and wearing a +0 plate armour (heavily wounded, inner flame, confused, ally target, 100% to hit)
The orc knight is heavily wounded.
The orc knight laughs at nothing.
Casting: Magic Dart (safe; 1% risk of failure)
Confirm with . or Enter, or press ? or * to list all spells.
Aiming: Magic Dart (safe; 1% risk of failure)
Press: ? - help, Shift-Dir - straight line, f/p - orc knight
Aim: an orc knight, wielding a +0 bardiche and wearing a +0 plate armour (heavily wounded, inner flame, confused, ally target, 100% to hit)
The magic dart hits the orc knight.
Flame seeps out of the orc knight.
The orc knight is severely wounded.
The orc knight is engulfed in blazing flames.
Flame seeps out of the orc knight.
The orc knight hits your crimson imp with a +0 bardiche!!
Your crimson imp is killed!
Your crimson imp disappears in a puff of smoke!
Casting: Magic Dart (safe; 1% risk of failure)
Confirm with . or Enter, or press ? or * to list all spells.
Aiming: Magic Dart (safe; 1% risk of failure)
Press: ? - help, Shift-Dir - straight line, f/p - orc knight
Aim: an orc knight, wielding a +0 bardiche and wearing a +0 plate armour (flame, severely wounded, inner flame, confused, 100% to hit)
The magic dart hits the orc knight.
Flame seeps out of the orc knight.
The orc knight is severely wounded.
The orc knight is engulfed in blazing flames.
Flame seeps out of the orc knight.
The orc knight seems less confused. a +0 halberd; a +0 scale mail; an orc corpse
Items here: ! ) [ †.
Casting: Magic Dart (safe; 1% risk of failure)
Confirm with . or Enter, or press ? or * to list all spells.
Aiming: Mephitic Cloud (dangerous; 3% risk of failure)
Press: ? - help, Shift-Dir - straight line, f/p - orc knight
Aim: an orc knight, wielding a +0 bardiche and wearing a +0 plate armour (almost dead, inner flame, chance to affect: 58%)
The ball explodes into a vile cloud!
The orc knight is almost dead.
* * * LOW HITPOINT WARNING * * *
The orc knight is engulfed in noxious fumes.
The orc knight hits you from afar with a +0 bardiche!!
Ouch! That really hurt!
You die...

#...#
#...#
#)..#
#...#
###'###
##.....##
#.......#
#..#8#..#
#..#.#@.#
#....§§.#
#.....o§#
##...§○##
##'')##
#..)..#
#.).).#
#.!)!.#
#.!.).#


You could see an orc knight (inner flame).

Vanquished Creatures
  Prince Ribbit (D:6)
  The ghost of Aurophilus the Magician, an amateur DjFE of Makhleb (D:4)
  A steam dragon (D:6)
  Edmund (D:6)
  A water moccasin (D:6)
  2 orc warriors (Bailey)
  An ice beast (D:6)
  A sky beast (D:7)
  2 ogres
  A kobold brigand (D:7)
  2 necrophages
  2 scorpions
  4 wights (D:6)
  2 hounds
  4 orc priests
  2 jellies
  2 iguanas
  Terence (D:3)
  A battlemage (Bailey)
  Natasha (D:3)
  2 orc wizards
  4 gnolls
  6 adders
  A white imp (D:6)
  An ufetubus (D:5)
  3 worms
  18 orcs
  4 bats
  5 endoplasms
  A giant cockroach (D:4)
  5 goblins
  9 hobgoblins
  3 jackals (D:1)
  7 quokkas
  A ball python (D:2)
  4 frilled lizards
  9 kobolds
  7 rats
123 creatures vanquished.

Vanquished Creatures (collateral kills)
  Grinder (D:3)
  Eustachio (D:4)
  A steam dragon (D:7)
  5 orc warriors (Bailey)
  A sky beast (D:4)
  A bullfrog (D:7)
  A necrophage (D:5)
  A lava snake (D:7)
  An iguana (D:6)
  Natasha (D:3)
  2 gnolls
  A worm (D:3)
  17 orcs
  A ball python (D:3)
  2 endoplasms (D:1)
  2 quokkas (D:4)
  A kobold (D:3)
  A rat (D:3)
41 creatures vanquished.

Grand Total: 164 creatures vanquished

Notes
Turn   | Place    | Note
-------+----------+-------------------------------------------
     0 | D:1      | iguanaiguana the Djinni Hedge Wizard began the quest for
                  | the Orb.
     0 | D:1      | iguanaiguana set off with the following spells memorised:
                  | Magic Dart, Blink, Call Imp, Slow, Conjure Flame, Mephitic
                  | Cloud.
     0 | D:1      | Reached XP level 1. HP: 15/15 MP: 0/0
   168 | D:1      | Reached skill level 1 in Fighting
   191 | D:1      | Reached XP level 2. HP: 10/22 MP: 0/0
   547 | D:1      | Found a faded altar of an unknown god.
   913 | D:1      | Reached skill level 3 in Spellcasting
   954 | D:1      | Reached XP level 3. HP: 24/27 MP: 0/0
   954 | D:1      | Learned a level 1 spell: Apportation
  2940 | D:3      | Found a shimmering altar of Xom.
  2942 | D:3      | Reached XP level 4. HP: 24/32 MP: 0/0
  3030 | D:3      | Found a shimmering altar of Xom.
  3033 | D:3      | Found a shimmering altar of Xom.
  3034 | D:3      | Found a shimmering altar of Xom.
  3034 | D:3      | Noticed Terence
  3666 | D:3      | Reached XP level 5. HP: 32/38 MP: 0/0
  3666 | D:3      | Learned a level 2 spell: Wereblood
  3995 | D:3      | Noticed Grinder
  4023 | D:4      | Noticed an ogre
  4042 | D:4      | Noticed Natasha
  4055 | D:3      | Killed Natasha
  4056 | D:3      | Reached skill level 4 in Spellcasting
  4330 | D:4      | Noticed Aurophilus's ghost (amateur DjFE)
  4330 | D:4      | Noticed a sky beast
  4330 | D:4      | Found a runed translucent gate.
  4330 | D:4      | Found a runed translucent gate.
  4340 | D:4      | Killed a sky beast
  4341 | D:4      | Reached XP level 6. HP: 11/46 MP: 0/0
  4607 | D:4      | Found a runed translucent gate.
  4994 | D:4      | Killed an ogre
  5373 | D:4      | Reached skill level 1 in Short Blades
  5373 | D:4      | Reached XP level 7. HP: 47/50 MP: 0/0
  5373 | D:4      | Learned a level 3 spell: Gell's Gravitas
  5556 | D:4      | Noticed Eustachio
  6176 | D:4      | Killed Eustachio
  6557 | D:5      | Entered Level 5 of the Dungeon
  6621 | D:5      | Reached XP level 8. HP: 42/56 MP: 0/0
  6971 | D:5      | Found a glowing golden altar of the Shining One.
  7318 | D:6      | Found a staircase to the Ecumenical Temple.
  7321 | D:6      | Noticed Prince Ribbit
  7330 | Temple   | Entered the Ecumenical Temple
  7330 | Temple   | Found a transporter.
  7330 | Temple   | Found a transporter.
  7453 | Temple   | Found a transporter.
  7453 | Temple   | Found a transporter.
  7487 | Temple   | Became a worshipper of Hepliaklqana the Forgotten
  7514 | D:6      | Killed Prince Ribbit
  7515 | D:6      | Reached skill level 5 in Spellcasting
  7652 | D:6      | Noticed Edmund
  7666 | D:6      | Killed Edmund
  7955 | D:6      | Reached skill level 6 in Spellcasting
  7955 | D:6      | Reached XP level 9. HP: 43/62 MP: 0/0
  7955 | D:6      | Learned a level 3 spell: Inner Flame
  8019 | D:6      | Reached skill level 1 in Throwing
  8133 | D:6      | Found a burning altar of Makhleb.
  8353 | D:6      | Found an ornate altar of the Wu Jian Council.
  8553 | D:6      | Found a large runed translucent door.
  8553 | D:6      | Found a large runed translucent door.
  8557 | D:6      | Noticed bchevrier's ghost (amateur GnWn)
  8869 | D:7      | Reached * piety under Hepliaklqana
  9169 | D:7      | Reached skill level 5 in Fighting
  9514 | D:7      | Found a hide-covered altar of Uskayaw.
  9892 | D:4      | Killed Aurophilus's ghost
 10505 | D:3      | Killed Terence
 10535 | D:3      | Noticed Natasha
 10538 | D:3      | Found a shimmering altar of Xom.
 10543 | D:3      | Killed Natasha
 10738 | D:3      | Killed Grinder
 10739 | D:3      | Reached XP level 10. HP: 46/64 MP: 0/0
 10830 | D:3      | Found a shimmering altar of Xom.
 10830 | D:3      | Found a shimmering altar of Xom.
 11087 | D:8      | Found a flagged portal.
 11094 | D:8      | Identified the +9 spear of Past Mistakes {vorpal, Int+4}
 11110 | Bailey   | Entered a bailey
 11110 | Bailey   | Reached ** piety under Hepliaklqana
 11111 | Bailey   | Remembered your ancestor Exploding Snap! as a battlemage
 11133 | Bailey   | Reached skill level 7 in Spellcasting
 11366 | Bailey   | Noticed an orc knight
 11373 | Bailey   | Reached skill level 8 in Spellcasting
 11386 | Bailey   | Slain by an orc knight

Illustrated notes

Levels and vault maps discovered:
D:1:      nicolae_arrival_memento_mori, layout_loops_cross,
          hellmonk_ecumenical_altar_blasted, grunt_decor_cap,
          minmay_tiny_reverse_x
D:2:      layout_basic
D:3:      kb_forest_paths, layout_basic, nicolae_xom_altar_mimics, uniq_terence,
          uniq_grinder
D:4:      layout_loops_cross, gammafunk_ghost_split, corexii_leaking_fountain,
          hangedman_feature_mirror, feat_on_display, uniq_natasha,
          uniq_eustachio
D:5:      layout_basic, tso_metal_star
D:6:      layout_gridville, lemuel_round_altar, nicolae_wu_jian_wuxing_cycle,
          minmay_temple_entry_proselytizer, ebering_ghost_disaster_area,
          uniq_prince_ribbit1, uniq_edmund
D:7:      layout_cave_pools, nicolae_uskayaw_suspiria,
          ebering_dispersal_statue_hall
D:8:      layout_cave_pods, serial_column_ruins, column_ruins_hut_water,
          column_ruins_square_medium, column_ruins_grid_2, column_ruins_grid_3,
          column_ruins_corridor_dead_end, column_ruins_grid_1,
          column_ruins_grid_1, column_ruins_open_medium_water, enter_bailey_2
Temple:   hellmonk_temple_divided_pantheon
Bailey:   bailey_polearm_5, bailey

Skill      XL: |  1  2  3  4  5  6  7  8  9 10 |
---------------+-------------------------------+-----
Fighting       | 1 2 3 4 6 |  6.2
Spellcasting   | 3 4 6 8 |  8.0
Short Blades   | 1 3 4 |  4.0
Stealth        | 3 4 |  4.0
Throwing       | 4 |  4.0
Dodging        | |  2.1
Shields        | |  0.5

Action                   |  1- 3 |  4- 6 |  7- 9 | 10-12 || total
-------------------------+-------+-------+-------+-------++-------
Melee: Trident           |    42 |    73 |       |       ||   115
       Short sword       |       |    11 |    27 |       ||    38
       Punch             |       |     1 |     2 |       ||     3
       Dagger            |       |       |   106 |     6 ||   112
       Rapier            |       |       |    18 |       ||    18
       Spear             |       |       |       |     6 ||     6
 Cast: Magic Dart        |    50 |    34 |    35 |     9 ||   128
       Call Imp          |     8 |    16 |    12 |     1 ||    37
       Blink             |     1 |       |     1 |       ||     2
       Mephitic Cloud    |       |    11 |    48 |    13 ||    72
       Conjure Flame     |       |     3 |     3 |       ||     6
       Slow              |       |       |     1 |       ||     1
       Inner Flame       |       |       |    17 |     3 ||    20
       Gell's Gravitas   |       |       |     4 |       ||     4
Invok: Recall Ancestor   |       |       |     2 |       ||     2
       Ancestor Life: Ba |       |       |       |     1 ||     1
       Ancestor Identity |       |       |       |     1 ||     1
  Use: Scroll            |       |     1 |     9 |     1 ||    11
 Stab: Sleeping          |     1 |     3 |     2 |       ||     6
       Distracted        |       |     1 |     1 |       ||     2
       Confused          |       |     2 |    23 |     2 ||    27
Armor: Robe              |     7 |       |       |       ||     7
       Leather armour    |     9 |    15 |    31 |     1 ||    56
Dodge: Dodged            |    26 |    27 |    67 |     3 ||   123
Block: Kite shield       |       |       |     8 |     4 ||    12

Table legend: (Time is in decaauts)
 A = Elapsed time spent in this place.
 B = Non-inter-level travel time spent in this place.
 C = Inter-level travel time spent in this place.
 D = Time resting spent in this place.
 E = Time spent auto-exploring this place.
 F = Levels seen in this place.
 G = Mean time per level.
                   A        B        C        D        E       F      G
               +--------+--------+--------+--------+--------+-----+--------+
         Total |  11417 |  10205 |   1212 |   2615 |   5981 |  10 | 1141.7 |
       Dungeon |  10966 |   9768 |   1198 |   2481 |   5850 |   8 | 1370.8 |
        Temple |    175 |    161 |     14 |    121 |      0 |   1 |  175.0 |
        Bailey |    275 |    275 |      0 |     13 |    131 |   1 |  275.0 |
               +--------+--------+--------+--------+--------+-----+--------+

Top non-repeatable levels by time:
     D:3: 2808 daAuts
     D:4: 1746 daAuts
     D:1: 1665 daAuts
     D:6: 1598 daAuts
     D:2: 1588 daAuts
     D:5: 768 daAuts
     D:7: 740 daAuts
  Bailey: 275 daAuts
  Temple: 175 daAuts
     D:8: 50 daAuts
